 Dungeon Crawl Stone Soup version 0.27.1-3-gb3d3a73c9e (webtiles) character file.

Game seed: 14422861804801378832

2572 Vallyen the Cudgeller (level 9, -1/76 (78) HPs)
             Began as a White Draconian Berserker on Oct 17, 2021.
             Was an Elder of Trog.
             Slain by a wight (5 damage)
             ... on level 7 of the Dungeon.
             The game lasted 00:36:43 (3088 turns).

Vallyen the Cudgeller (White Draconian Berserker)   Turns: 3088, Time: 00:36:43

HP:   -1/76 (78)    AC:  7    Str: 21    XL:     9   Next: 32%
MP:   9/9           EV: 15    Int:  7    God:    Trog [****..]
Gold: 163           SH:  0    Dex: 19    Spells: 8/8 levels left

rFire    . . .     SeeInvis .   v - +1 dire flail (holy)
rCold    + . .     Faith    .   (shield currently unavailable)
rNeg     . . .     Spirit   .   (armour unavailable)
rPois    .         Reflect  .   (helmet restricted)
rElec    .         Harm     .   k - scarf {repulsion}
rCorr    .         Rampage  .   (no gloves)
Will     +++..                  (no boots)
Stlth    ++........             c - amulet of regeneration
HPRegen  2.22/turn              n - +6 ring of dexterity
MPRegen  0.11/turn              m - ring of willpower

@: strong-willed, on berserk cooldown, regenerating, slowed, lightly drained,
repel missiles, very slow
A: breathe frost, AC +7, unfitting armour, cold resistance 1, cold-blooded
a: Breathe Frost, Renounce Religion, Berserk, Trog's Hand, Brothers in Arms


You were on level 7 of the Dungeon.
You worshipped Trog.
Trog was greatly pleased with you.
You visited 2 branches of the dungeon, and saw 8 of its levels.

You collected 163 gold pieces.

Inventory:

Hand Weapons
 a - a +0 falchion
 f - a +0 halberd
 j - a +0 club
 q - a +0 hunting sling of flaming
 v - a +1 dire flail of holy wrath (weapon)
 x - a +0 shortbow
Missiles
 e - 83 stones
 g - 6 curare-tipped darts (quivered)
 p - 23 bolts
 s - 49 arrows
Armour
 b - a +0 scale mail
 k - a scarf of repulsion (worn)
Jewellery
 c - an amulet of regeneration (around neck)
 l - a +6 ring of intelligence
 m - a ring of willpower (right hand)
 n - a +6 ring of dexterity (left hand)
 t - a ring of poison resistance
Wands
 r - a wand of flame (21)
Scrolls
 d - a scroll of blinking
 i - a scroll of immolation
 o - 2 scrolls of teleportation
 y - 2 scrolls of identify
Potions
 h - a potion of curing
 w - a potion of attraction {unknown}
 z - a potion of mutation {unknown}
 A - a potion of resistance {unknown}


   Skills:
 + Level 6.5 Fighting
 + Level 4.3 Long Blades
 + Level 7.4 Maces & Flails
 + Level 5.1 Polearms
 + Level 5.7 Dodging
 + Level 2.6 Stealth


You had 8 spell levels left.
You didn't know any spells.
Your spell library contained the following spells:

 Spells                   Type           Power      Damage    Failure   Level
 Petrify                  Tmut/Erth      0%         N/A       99%         4
 Metabolic Englaciation   Hex/Ice        0%         N/A       100%        5
 Statue Form              Tmut/Erth      0%         N/A       100%        6


Dungeon Overview and Level Annotations

Branches:
Dungeon (7/15)             Temple (1/1) D:4

Altars:
Ashenzari
Cheibriados
Elyvilon
Fedhas
Gozag
Kikubaaqudgha
Nemelex Xobeh
Okawaru
Qazlal
Ru
Sif Muna
Trog
Uskayaw
Vehumet
Wu Jian
Yredelemnul
Zin
The Shining One


Innate Abilities, Weirdness & Mutations

You can breathe waves of freezing cold which knock back foes.
Your icy white scales are hard. (AC +7)
You cannot fit into any form of body armour.
Your flesh is cold resistant. (rC+)
You are cold-blooded and may be slowed by cold attacks.


Message History

Trog accepts your kill.
The wight hits you from afar with a +3 trident.
* * * LOW HITPOINT WARNING * * *
The wight hits you from afar with a +3 trident.
* * * LOW HITPOINT WARNING * * *
Items here: )) [[ †.
You feel a strong urge to attack something.
The orc wizard gestures at you while chanting.
You resist with almost no effort.
You feel your anger nearly subside.
You are no longer berserk.
You are exhausted.
You feel yourself slow down.
You fail to use your ability.
You barely miss the orc wizard.
The orc wizard hits you but does no damage.
The wight closely misses you.
The orc wizard gestures at you while chanting.
You resist with almost no effort.
The wight hits you from afar with a +3 trident!
* * * LOW HITPOINT WARNING * * *
You feel drained.
* * * LOW HITPOINT WARNING * * *
You feel much better. The orc wizard closely misses you.
The wight hits you from afar with a +3 trident!
* * * LOW HITPOINT WARNING * * *
The orc wizard misses you.
The wight hits you from afar with a +3 trident!
* * * LOW HITPOINT WARNING * * *
You puncture the orc wizard!
You kill the orc wizard!
Trog accepts your kill.
Trog appreciates your killing of a magic user.
The wight hits you from afar with a +3 trident.
* * * LOW HITPOINT WARNING * * *
Your skin crawls.
You feel strong-willed. The yak gores you!
* * * LOW HITPOINT WARNING * * *
The wight hits you from afar with a +3 trident.
You die...

#..# .. ...###### ..
#..#...#### ## . #.#...#?.#
#. o#
###.'._.#.?######.##.#
#...#...#..##.....)..#
#.###...#### ###)#
###...##### ######oo.###.#
.....## #...@Yzo.....#
.)...########...###.####..#
....##..............# ..
.......#####....#.###
....######...##..... ....#
#...#####..#...
....###..### .......#
............ ....###..
...........# #.# #.


You could see a yak, a wight, an orc priest and 2 orcs.

Vanquished Creatures
  5 yaks (D:7)
  A water moccasin (D:7)
  2 sky beasts
  A necrophage (D:6)
  An ogre (D:5)
  A black bear (D:6)
  A centaur (D:6)
  A phantom (D:6)
  A bullfrog (D:6)
  4 scorpions
  A water moccasin skeleton (D:4)
  8 wights (D:7)
  A centaur zombie (D:4)
  A bullfrog zombie (D:6)
  A jelly (D:6)
  An orc priest (D:3)
  A centaur skeleton (D:7)
  3 iguanas
  2 orc wizards
  A hound zombie (D:5)
  A hound skeleton (D:4)
  6 gnolls
  7 adders
  A white imp (D:6)
  An ufetubus (D:7)
  3 adder skeletons (D:4)
  A worm (D:2)
  4 dart slugs
  13 orcs
  3 ball pythons
  3 giant cockroaches (D:2)
  2 goblins
  2 hobgoblins (D:2)
  3 jackals (D:2)
  5 kobolds
  2 quokkas
  2 bats (D:2)
  A frilled lizard (D:2)
  A quokka zombie (D:4)
  3 rats
102 creatures vanquished.

Vanquished Creatures (others)
  10 plants
  2 withered plants (D:4)
12 creatures vanquished.

Grand Total: 114 creatures vanquished

Notes
Turn   | Place    | Note
-------+----------+-------------------------------------------
     0 | D:1      | Vallyen the Draconian Berserker began the quest for the
                  | Orb.
     0 | D:1      | Reached XP level 1. HP: 19/19 MP: 1/1
   166 | D:2      | Reached XP level 2. HP: 26/26 MP: 2/2
   289 | D:2      | Reached XP level 3. HP: 33/33 MP: 3/3
   506 | D:2      | Reached ** piety under Trog
   507 | D:2      | Reached XP level 4. HP: 40/40 MP: 4/4
   787 | D:3      | Found a sacrificial altar of Ru.
   952 | D:3      | Found a snail-covered altar of Cheibriados.
   956 | D:3      | Found a shimmering blue altar of Sif Muna.
   956 | D:3      | Found a radiant altar of Vehumet.
   961 | D:3      | Found a glowing golden altar of the Shining One.
  1104 | D:3      | Reached XP level 5. HP: 43/46 MP: 5/5
  1219 | D:4      | Reached skill level 1 in Polearms
  1446 | D:4      | Reached XP level 6. HP: 51/53 MP: 6/6
  1457 | D:4      | Found a staircase to the Ecumenical Temple.
  1577 | Temple   | Entered the Ecumenical Temple
  1788 | D:5      | Entered Level 5 of the Dungeon
  1843 | D:5      | Found an iron altar of Okawaru.
  1938 | D:5      | Found a hide-covered altar of Uskayaw.
  1958 | D:5      | Reached *** piety under Trog
  2077 | D:5      | Noticed a sky beast
  2097 | D:5      | Your scales start taking on an icy white colour.
  2097 | D:5      | Reached XP level 7. HP: 5/60 MP: 7/7
  2097 | D:5      | Gained mutation: Your flesh is cold resistant. (rC+) [White
                  | Draconian growth]
  2097 | D:5      | HP: 4/90 [poisoned by a scorpion]
  2103 | D:5      | Reached skill level 5 in Fighting
  2103 | D:5      | Reached skill level 1 in Stealth
  2103 | D:5      | HP: 3/61 [poisoned by a scorpion]
  2176 | D:5      | Reached skill level 1 in Maces & Flails
  2221 | D:6      | Reached skill level 5 in Polearms
  2331 | D:6      | Reached skill level 2 in Maces & Flails
  2628 | D:6      | Reached skill level 3 in Maces & Flails
  2628 | D:6      | Reached XP level 8. HP: 65/69 MP: 8/8
  2773 | D:6      | Reached skill level 4 in Maces & Flails
  2873 | D:6      | Reached skill level 5 in Dodging
  2943 | D:7      | Reached skill level 5 in Maces & Flails
  2992 | D:7      | Found a glowing silver altar of Zin.
  3052 | D:7      | Reached skill level 6 in Maces & Flails
  3060 | D:7      | Reached XP level 9. HP: 70/75 MP: 9/9
  3068 | D:7      | Reached **** piety under Trog
  3075 | D:7      | Reached skill level 7 in Maces & Flails
  3088 | D:7      | Slain by a wight

Illustrated notes

Levels and vault maps discovered:
D:1:      wheals_arrival_linesprint, layout_basic, serial_glass,
          glass_columns_c, glass_columns_a
D:2:      layout_basic
D:3:      layout_loops_ring, nicolae_ru_awakened_eye, grunt_temple_overflow_open
D:4:      layout_loops_ring, minmay_temple_entry_drinking_statues,
          serial_undead, serial_undead_e, serial_undead_b, serial_undead_e,
          serial_undead_c, minmay_misc_feat_pillars
D:5:      layout_loops_ring, lemuel_crystal_altar,
          mainiacjoe_overflow_small_starburst, grunt_ministairs_10
D:6:      layout_gridville
D:7:      layout_rooms, mainiacjoe_overflow_alcove_4, zin_scriptorium,
          bloody_makhleb, roderic_roman_lattice
Temple:   jpeg_temple_alley_garden

Skill      XL: |  1  2  3  4  5  6  7  8  9 |
---------------+----------------------------+-----
Dodging        | 3 4 5 |  5.7
Fighting       | 4 5 6 |  6.5
Long Blades    | 4 |  4.3
Polearms       | 2 4 5 |  5.1
Stealth        | 1 2 |  2.6
Maces & Flails | 3 6 7 |  7.4

Action                   |  1- 3 |  4- 6 |  7- 9 || total
-------------------------+-------+-------+-------++-------
Melee: Falchion          |    76 |    28 |       ||   104
       Tailslap          |    11 |    35 |    27 ||    73
       Halberd           |       |   115 |       ||   115
       Dire flail        |       |    19 |   141 ||   160
Invok: Berserk           |       |     2 |     3 ||     5
       Trog's Hand       |       |     1 |     1 ||     2
 Abil: Breathe Frost     |       |       |     1 ||     1
  Use: Scroll            |     1 |     2 |     3 ||     6
       Potion            |       |       |     2 ||     2
 Stab: Sleeping          |       |       |     2 ||     2
Armor: Skin              |    31 |    45 |    32 ||   108
Dodge: Dodged            |    65 |   133 |   112 ||   310
       Repelled          |       |       |     1 ||     1
       Rpst.: Falchion   |    23 |       |       ||    23
